[Event "KAZ Cup Women 2019"]
[Site "Almaty"]
[Date "2019.12.17"]
[Round "7.1"]
[White "Balabayeva, Xeniya"]
[Black "Dauletova, Gulmira"]
[Result "1/2-1/2"]
[ECO "C41"]
[WhiteElo "2119"]
[BlackElo "2250"]
[Annotator "ChessBase"]
[PlyCount "262"]
[EventDate "2019.12.12"]
[EventType "tourn"]
[EventCountry "KAZ"]
[SourceTitle "playchess.com"]
[Source "ChessBase"]
[SourceQuality "1"]
[TimeControl "40/5400+30:1800+30"]

1. e4 e5 2. Nf3 d6 3. d4 exd4 4. Nxd4 Nf6 5. Nc3 Be7 6. Be2 O-O 7. Be3 Re8 8. Bf3 Bf8 9. Qe2 Nbd7 10. O-O-O Nc5 11. Nc6 bxc6 12. Bxc5 Nd7 13. Be3 Ne5 14. Qf1 Bb7 15. Be2 Qc8 16. h3 a5 17. f4 Nd7 18. Bg4 c5 19. Bxc5 Bxe4 20. Nxe4 Rxe4 21. Qf3 Re7 22. Bd4 c6 23. h4 Qb7 24. h5 h6 25. Bf5 Nb6 26. g4 c5 27. Qxb7 Rxb7 28. Bc3 d5 29. g5 Bd6 30. Rdf1 Na4 31. gxh6 Nxc3 32. h7+ Kh8 33. bxc3 Re8 34. Rh2 c4 35. Kd2 Rbe7 36. Rff2 Bc5 37. Re2 Be3+ 38. Ke1 Rb8 39. Kf1 Rb1+ 40. Re1 Rxe1+ 41. Kxe1 Bxf4+ 42. Re2 Be3 43. Bg4 Kxh7 44. Bf3 Re5 45. Kf1 g5 46. hxg6+ Kxg6 47. Re1 Kf5 48. Rd1 Ke6 49. Rb1 Bd2 50. Rb6+ Kd7 51. Rb5 Kc6 52. Rxa5 Bxc3 53. Ra6+ Kc5 54. Be2 Rf5+ 55. Kg2 Kd4 56. Ra3 Rf6 57. Bf3 Bb4 58. Ra7 Rf5 59. Rd7 f6 60. a4 Be1 61. Rd8 Bd2 62. Rd7 Kc5 63. Rb7 Kc6 64. Rb8 Bc3 65. Rd8 Kc5 66. Ra8 Re5 67. a5 Re1 68. a6 d4 69. Rc8+ Kb6 70. Rxc4 Kxa6 71. Rc6+ Kb5 72. Rxf6 Bd2 73. Kf2 Re3 74. Be2+ Kb4 75. Rc6 Bc3 76. Bd3 Re7 77. Rb6+ Kc5 78. Rb5+ Kc6 79. Rh5 Kd6 80. Rf5 Be1+ 81. Kf1 Bg3 82. Kg2 Be5 83. Rh5 Rf7 84. Rf5 Rg7+ 85. Kf2 Re7 86. Rh5 Kc5 87. Rh7 Re8 88. Rb7 Rf8+ 89. Kg2 Bf4 90. Rb5+ Kd6 91. Rf5 Rg8+ 92. Kf3 Be5 93. Rh5 Rg3+ 94. Kf2 Re3 95. Rf5 Rh3 96. Kg2 Rh2+ 97. Kg1 Rh4 98. Kg2 Ke6 99. Rg5 Bf6 100. Rb5 Be5 101. Rb6+ Bd6 102. Rb5 Rh2+ 103. Kf3 Rh3+ 104. Ke4 Rh4+ 105. Kf3 Rf4+ 106. Kg2 Be5 107. Rb6+ Bd6 108. Rb5 Rh4 109. Bc4+ Kf6 110. Bd3 Be5 111. Kf3 Rf4+ 112. Kg2 Rg4+ 113. Kf3 Rh4 114. Kg2 Ke6 115. Rb6+ Kd5 116. Rb5+ Ke6 117. Rb6+ Ke7 118. Kf3 Bd6 119. Ra6 Rf4+ 120. Kg2 Ke6 121. Ra5 Rf8 122. Rb5 Be5 123. Rb6+ Ke7 124. Ra6 Bd6 125. Rb6 Rf6 126. Rb7+ Ke6 127. Rb5 Rh6 128. Ra5 Rh8 129. Rb5 Be5 130. Rb6+ Ke7 131. Ra6 Kf7 1/2-1/2

[Event "KAZ Cup Women 2019"]
[Site "Almaty"]
[Date "2019.12.17"]
[Round "7.4"]
[White "Gevorgyan, Maria"]
[Black "Tomilova, Elena"]
[Result "0-1"]
[ECO "C11"]
[WhiteElo "2255"]
[BlackElo "2341"]
[Annotator "ChessBase"]
[PlyCount "116"]
[EventDate "2019.12.12"]
[EventType "tourn"]
[EventCountry "KAZ"]
[SourceTitle "playchess.com"]
[Source "ChessBase"]
[SourceQuality "1"]
[TimeControl "40/5400+30:1800+30"]

1. e4 e6 2. d4 d5 3. Nc3 Nf6 4. e5 Nfd7 5. f4 c5 6. Nf3 Nc6 7. Be3 cxd4 8. Nxd4 Bc5 9. Qd2 O-O 10. Be2 a6 11. O-O-O Bxd4 12. Bxd4 b5 13. Bf3 b4 14. Nxd5 exd5 15. Bxd5 Qc7 16. f5 Nxd4 17. Qxd4 Rb8 18. e6 Nf6 19. exf7+ Kh8 20. Be6 a5 21. g4 Bb7 22. Rhg1 Bf3 23. Rd2 Rbd8 24. Qe3 Rxd2 25. Qxd2 Qc5 26. Qe1 Be4 27. Bb3 Rxf7 28. g5 Nd5 29. g6 Re7 30. Qg3 Qe3+ 31. Qxe3 Nxe3 32. f6 gxf6 33. g7+ Rxg7 34. Re1 a4 35. Bxa4 Nc4 36. Bb3 Nd6 37. Rd1 Bf3 38. Rf1 Ne4 39. Bc4 Bg2 40. Rd1 Rg6 41. Bf7 Rg5 42. h4 Rg3 43. a4 bxa3 44. bxa3 Rxa3 45. Rd7 f5 46. Bd5 Ra1+ 47. Kb2 Rd1 48. Rd8+ Kg7 49. Rg8+ Kf6 50. c4 Rd2+ 51. Kc1 Ra2 52. Rh8 Ke5 53. Rxh7 Kd4 54. Rb7 Kc3 55. Kb1 Re2 56. Rb5 Nd2+ 57. Ka2 Nb3+ 58. Ka3 Nc1 0-1

[Event "KAZ Cup Women 2019"]
[Site "Almaty"]
[Date "2019.12.18"]
[Round "8.4"]
[White "Khomeriki, Nino"]
[Black "Ankudinova, Yelena"]
[Result "1-0"]
[ECO "D26"]
[WhiteElo "2355"]
[BlackElo "2093"]
[Annotator "ChessBase"]
[PlyCount "91"]
[EventDate "2019.12.12"]
[EventType "tourn"]
[EventCountry "KAZ"]
[SourceTitle "playchess.com"]
[Source "ChessBase"]
[SourceQuality "1"]
[TimeControl "40/5400+30:1800+30"]

1. d4 d5 2. c4 dxc4 3. Nf3 Nf6 4. e3 e6 5. Bxc4 a6 6. O-O c5 7. b3 Nc6 8. Bb2 cxd4 9. Nxd4 Nxd4 10. Bxd4 Bd6 11. Be2 O-O 12. Nd2 e5 13. Bb2 Qe7 14. Nc4 Rd8 15. Nxd6 Rxd6 16. Qe1 Rc6 17. Rc1 Bd7 18. Qa5 Re8 19. f3 Rxc1 20. Rxc1 Bc6 21. Qc5 Qxc5 22. Rxc5 Nd7 23. Rc1 g6 24. Kf2 f6 25. Bxa6 Ra8 26. Bc4+ Kf8 27. a4 Nb6 28. Be2 Ke7 29. e4 Ke6 30. Ke3 f5 31. g3 fxe4 32. fxe4 h5 33. h4 Nd7 34. Bc4+ Kd6 35. Rd1+ Kc7 36. Bf7 Rf8 37. Bxg6 Rg8 38. Bxh5 Rxg3+ 39. Bf3 Rh3 40. h5 Bxe4 41. Rxd7+ Kxd7 42. Kxe4 Rh4+ 43. Kxe5 Kc7 44. Kf5 Rb4 45. Bd1 Rh4 46. Bg7 1-0

[Event "KAZ Cup Women 2019"]
[Site "Almaty"]
[Date "2019.12.18"]
[Round "8.5"]
[White "Balabayeva, Xeniya"]
[Black "Kim, Kristina"]
[Result "1-0"]
[ECO "B06"]
[WhiteElo "2119"]
[BlackElo "1975"]
[Annotator "RC"]
[PlyCount "99"]
[EventDate "2019.12.12"]
[EventType "tourn"]
[EventCountry "KAZ"]
[SourceTitle "playchess.com"]
[Source "ChessBase"]
[SourceQuality "1"]
[TimeControl "40/5400+30:1800+30"]

1. e4 g6 2. d4 Bg7 3. Nc3 c6 4. h3 d5 5. Nf3 Nh6 6. Bf4 f6 7. exd5 cxd5 8. Nb5 Na6 9. c4 Nf7 10. cxd5 Qxd5 11. Nc3 Qe6+ 12. Be2 O-O 13. O-O Qd7 14. Re1 Nc7 15. Bc4 Kh8 16. Qe2 Nd6 17. Qxe7 Nxc4 18. Bxc7 Qxe7 19. Rxe7 Nxb2 20. Rb1 Nc4 21. Rb4 Nb6 22. Bxb6 axb6 23. Rc4 Rg8 24. Rcc7 g5 25. Nd5 Bf5 26. g4 Bg6 27. h4 h6 28. h5 Bb1 29. Nd2 Bd3 30. Ne4 Bxe4 31. Rxe4 Rgc8 32. Rxb7 Rcb8 33. Rxb8+ Rxb8 34. Ne7 Ra8 35. Nf5 Kg8 36. Re6 b5 37. Rb6 Bf8 38. Rxf6 Kh7 39. Rb6 b4 40. d5 Rxa2 41. d6 Rd2 42. Kf1 b3 43. Rxb3 Bxd6 44. Rb7+ Kg8 45. Nxh6+ Kf8 46. Rf7+ Ke8 47. Rf5 Be7 48. Nf7 Rd1+ 49. Ke2 Rg1 50. Kf3 1-0

[Event "KAZ Cup Women 2019"]
[Site "Almaty"]
[Date "2019.12.19"]
[Round "9.1"]
[White "Kim, Kristina"]
[Black "Dauletova, Gulmira"]
[Result "1-0"]
[ECO "A45"]
[WhiteElo "1975"]
[BlackElo "2250"]
[Annotator "ChessBase"]
[PlyCount "137"]
[EventDate "2019.12.12"]
[EventType "tourn"]
[EventCountry "KAZ"]
[SourceTitle "playchess.com"]
[Source "ChessBase"]
[SourceQuality "1"]
[TimeControl "40/5400+30:1800+30"]

1. d4 Nf6 2. Bf4 e6 3. e3 b6 4. Nf3 Bb7 5. c4 d6 6. Nc3 Be7 7. Qc2 c5 8. Bg3 cxd4 9. Nxd4 O-O 10. Rd1 a6 11. f3 Nbd7 12. h4 Rc8 13. h5 d5 14. Qb3 Re8 15. a3 Bc5 16. cxd5 exd5 17. Bf4 b5 18. g4 h6 19. Kf2 Qb6 20. g5 hxg5 21. Bxg5 Re5 22. Bf4 Rxh5 23. Rxh5 Nxh5 24. Nxd5 Qd8 25. Nf5 Bc6 26. Bh2 Nhf6 27. Nf4 Qe8 28. Be2 Ne5 29. Rg1 Neg4+ 30. Rxg4 Nxg4+ 31. fxg4 Qe4 32. Qc3 Bf8 33. Qd4 Qh1 34. Bg3 Re8 35. Nh5 Qg2+ 36. Ke1 Qh1+ 37. Kd2 Qd5 38. Qxd5 Bxd5 39. Nf4 Be4 40. Nd4 Bc5 41. Bd3 Bb7 42. b4 Bf8 43. Nfe2 g6 44. g5 Bg7 45. Bf4 Be5 46. Nc3 Bg7 47. Nb3 Bf8 48. Nc5 Bxc5 49. bxc5 Kg7 50. e4 f6 51. gxf6+ Kxf6 52. Nd5+ Kf7 53. Kc3 Rh8 54. Kd4 Ke6 55. Be2 Rh1 56. Bg4+ Kf7 57. Bd7 Ra1 58. c6 Bxc6 59. Bxc6 Rxa3 60. Bd7 Ra4+ 61. Kd3 Ra3+ 62. Ke2 Ra2+ 63. Kf3 Ra3+ 64. Be3 b4 65. e5 b3 66. e6+ Kg7 67. Bd4+ Kh6 68. Bb2 Ra2 69. Bc1+ 1-0

[Event "KAZ Cup Women 2019"]
[Site "Almaty"]
[Date "2019.12.19"]
[Round "9.2"]
[White "Ankudinova, Yelena"]
[Black "Balabayeva, Xeniya"]
[Result "0-1"]
[ECO "A29"]
[WhiteElo "2093"]
[BlackElo "2119"]
[Annotator "ChessBase"]
[PlyCount "200"]
[EventDate "2019.12.12"]
[EventType "tourn"]
[EventCountry "KAZ"]
[SourceTitle "playchess.com"]
[Source "ChessBase"]
[SourceQuality "1"]
[TimeControl "40/5400+30:1800+30"]

1. c4 e5 2. Nc3 Nf6 3. Nf3 Nc6 4. g3 d5 5. cxd5 Nxd5 6. Bg2 Be6 7. O-O Be7 8. d3 O-O 9. Bd2 Qd7 10. a3 f6 11. Rc1 Nb6 12. Ne4 a5 13. Nc5 Bxc5 14. Rxc5 a4 15. Qc1 Bd5 16. Ne1 Nd4 17. Bxd5+ Nxd5 18. Qd1 b6 19. Rc4 b5 20. Rc1 Nb3 21. Rc2 c5 22. e3 Rad8 23. Qh5 f5 24. Bc3 Nxc3 25. bxc3 e4 26. d4 Rc8 27. Qd1 Qd6 28. Ra2 Qd5 29. Rc2 Qc4 30. f3 h6 31. Rff2 Rce8 32. Qe2 Na5 33. Rb2 Rb8 34. fxe4 fxe4 35. Rxf8+ Rxf8 36. Kg2 Rb8 37. Qc2 Qd5 38. Rb1 Nc4 39. Qc1 Qf5 40. Nc2 Rf8 41. Qf1 Qf3+ 42. Qxf3 exf3+ 43. Kf2 Nd2 44. Rd1 Ne4+ 45. Kf1 Rd8 46. Ne1 Nxc3 47. Rc1 cxd4 48. Nxf3 Nd5 49. exd4 Ne3+ 50. Ke2 Nc4 51. Rc3 Re8+ 52. Ne5 Re7 53. Kd3 Nxe5+ 54. dxe5 Rxe5 55. Kd4 Rf5 56. Ke4 Rf2 57. h3 Rb2 58. Rf3 b4 59. axb4 Rxb4+ 60. Kf5 Rb3 61. Rf4 Rxg3 62. h4 a3 63. Ra4 Kh7 64. Kf4 Rb3 65. h5 Kg8 66. Ra7 Kf8 67. Kf5 Rg3 68. Ra8+ Kf7 69. Ra7+ Kg8 70. Kf4 Rg5 71. Rxa3 Rxh5 72. Kg4 Rb5 73. Ra7 Kh7 74. Rc7 h5+ 75. Kh4 Kh6 76. Rc6+ g6 77. Ra6 Rb4+ 78. Kg3 h4+ 79. Kh3 Kh5 80. Ra5+ g5 81. Rc5 Rb3+ 82. Kh2 h3 83. Rc8 Kh4 84. Rh8+ Kg4 85. Ra8 Rb2+ 86. Kh1 Rf2 87. Rg8 Kh4 88. Kg1 Ra2 89. Rb8 g4 90. Rb4 Re2 91. Ra4 Kg3 92. Ra1 Kf3 93. Rf1+ Ke3 94. Ra1 g3 95. Ra3+ Kf4 96. Ra4+ Re4 97. Ra1 g2 98. Kf2 Kg4 99. Rb1 Rf4+ 100. Kg1 Kg3 0-1